 Dungeon Crawl Stone Soup version 0.25-a0-425-g0e000e855e (webtiles) character file.

Game seed: 2415857185790891120, levelgen mode: deterministic

59 SacrumLux the Conjurer (level 3, 0/19 HPs)
             Began as a Deep Elf Conjurer on Jan 24, 2020.
             Succumbed to an orc's poison
             ... on level 3 of the Dungeon.
             The game lasted 00:05:45 (1915 turns).

SacrumLux the Conjurer (Deep Elf Conjurer)          Turns: 1915, Time: 00:05:46

Health: 0/19       AC:  2    Str:  5    XL:     3   Next: 78%
Magic:  10/10      EV: 13    Int: 20    God:
Gold:   106        SH:  0    Dex: 15    Spells: 9/10 levels left

rFire    . . .     SeeInvis .   p - +0 short sword
rCold    . . .     Gourm    .   (no shield)
rNeg     . . .     Faith    .   a - +0 robe
rPois    .         Spirit   .   (no helmet)
rElec    .         Reflect  .   (no cloak)
rCorr    .         Harm     .   (no gloves)
MR       .....                  (no boots)
Stlth    ++........             (no amulet)
HPRegen  0.06/turn              (no ring)
MPRegen  0.12/turn              (no ring)

@: lethally poisoned (0 -> -5), hasted, very quick
A: no striking features
a: no special abilities


You were on level 3 of the Dungeon.
You were not hungry.

You visited 1 branch of the dungeon, and saw 3 of its levels.

You collected 106 gold pieces.

Inventory:

Hand Weapons
 p - a +0 short sword (weapon)
Missiles
 e - 78 stones (quivered)
Armour
 a - a +0 robe (worn)
Jewellery
 j - an uncursed ring of protection from magic {unknown}
Scrolls
 b - a scroll of random uselessness {unknown}
 d - 2 scrolls of identify {unknown}
 f - a scroll of immolation {unknown}
 g - a scroll of blinking {unknown}
 i - a scroll of noise {unknown}
 n - a scroll of enchant weapon {unknown}
Potions
 k - a potion of heal wounds {unknown}
 o - a potion of agility {unknown}
Comestibles
 c - 4 rations
 m - 3 chunks of flesh


   Skills:
 - Level 3.0 Dodging
 - Level 2.4 Stealth
 - Level 4.0 Spellcasting
 + Level 5.3 Conjurations


You had 9 spell levels left.
You knew the following spells:

 Your Spells              Type           Power        Failure   Level  Hunger
a - Magic Dart            Conj           ####         1%          1    None

Your spell library contained the following spells:

 Spells                   Type           Power        Failure   Level  Hunger
 Searing Ray              Conj           ####..       2%          2    #......
 Dazzling Flash           Conj/Hex       ##....       13%         3    ###....
 Fulminant Prism          Conj/Hex       ##........   38%         4    ####...
 Iskenderun's Mystic Bla  Conj/Tloc      ##......     38%         4    ####...


Dungeon Overview and Level Annotations

Branches:
Dungeon (3/15)

Altars:

Annotations:
D:3 Robin


Message History

You are too injured to fight recklessly!
You are too injured to fight recklessly!
You are too injured to fight recklessly!
You are too injured to fight recklessly!
* * * LOW HITPOINT WARNING * * *
You feel sick. The bat closely misses you.
* * * LOW HITPOINT WARNING * * *
You feel sick. The bat hits you but does no damage. The bat misses you.
The bat hits you.
* * * LOW HITPOINT WARNING * * *
* * * LOW HITPOINT WARNING * * *
You feel sick. The bat hits you but does no damage. The bat barely misses you.
There is an open door here.
It was a potion of haste.
You feel yourself speed up. The bat hits you but does no damage.
The orc closely misses you. The frilled lizard bites you.
* * * LOW HITPOINT WARNING * * *
The bat hits you but does no damage. The bat misses you.
You die...

### ..#
#.##################
......##...........#######
#.........................
................@.........
#.....)...#.###.##b########
#.........#.# #.#lo.......#
#.........#.###.#ooo.?....#
#.........#.#...#.o.......#
#.........#.#.###.........#
#.........#.#.# #.........#
#...#+##'##.#.# #....(....#
.........# #<# #.........#


You could see a bat.

Vanquished Creatures
  2 oozes (D:2)
  A worm (D:2)
  A dart slug (D:2)
  A leopard gecko (D:1)
  3 giant cockroaches (D:1)
  8 hobgoblins
  3 jackals (D:1)
  4 kobolds
  A quokka (D:3)
  5 bats
  2 frilled lizards
  4 goblins
  7 rats
42 creatures vanquished.

Notes
Turn   | Place    | Note
-------+----------+-------------------------------------------
     0 | D:1      | SacrumLux the Deep Elf Conjurer began the quest for the
                  | Orb.
     0 | D:1      | Reached XP level 1. HP: 10/10 MP: 6/6
   254 | D:1      | Reached XP level 2. HP: 15/15 MP: 4/8
   878 | D:2      | Reached XP level 3. HP: 19/19 MP: 7/10
  1072 | D:2      | Reached skill level 5 in Conjurations
  1677 | D:3      | Noticed Robin
  1915 | D:3      | Succumbed to an orc's poison

Levels and vault maps discovered:
D:1:      wander_arrival_peaceful_grave, layout_loops_ring
D:2:      layout_basic
D:3:      layout_basic, nicolae_overflow_hidden_temple,
          overflow_temple_1_default, led_sif_pool, uniq_robin

Skill      XL: |  1  2  3 |
---------------+----------+-----
Dodging        | 3 |  3.0
Spellcasting   | 4 |  4.0
Conjurations   | 5 |  5.3
Stealth        | |  2.4

Action                   || total
-------------------------++-------
Melee: Unarmed           ||     9
       Short sword       ||     6
 Cast: Magic Dart        ||    79
  Use: Potion            ||     1
 Stab: Sleeping          ||     1
  Eat: Chunk             ||     3
Armor: Robe              ||    11
Dodge: Dodged            ||    30

Table legend:
 A = Non-vault XP
 B = Vault XP
 C = Vault XP percentage of total XP
 D = Non-vault monster count
 E = Vault monster count
 F = Vault count percentage of total count
                 A         B        C        D         E       F
            +---------+---------+-------+---------+---------+-------
      Total |      79 |       6 |   7.1 |      39 |       3 |   7.1
            +---------+---------+-------+---------+---------+-------
        D:1 |      39 |       0 |   0.0 |      23 |       0 |   0.0
        D:2 |      35 |       6 |  14.6 |      13 |       3 |  18.8
        D:3 |       5 |       0 |   0.0 |       3 |       0 |   0.0
            +---------+---------+-------+---------+---------+-------
